 Dungeon Crawl Stone Soup version 0.28-a0-1235-g7c8fac35f0 (webtiles) character file.

Game seed: 200087619494418443

1294 bearlyready the Ruffian (level 8, -1/53 (59) HPs)
             Began as a Yellow Draconian Transmuter on Dec 24, 2021.
             Was an Initiate of Gozag.
             Slain by a killer bee (4 damage)
             ... on level 6 of the Dungeon.
             The game lasted 00:11:14 (7764 turns).

bearlyready the Ruffian (DrTm)                      Turns: 7764, Time: 00:11:14

HP:   -1/53 (59)    AC:  7    Str: 13    XL:     8   Next: 30%
MP:   11/11         EV: 12    Int: 15    God:    Gozag
Gold: 377           SH:  5    Dex: 12    Spells: 1/11 levels left

rFire   . . .      SeeInvis +     - Unarmed
rCold   . . .      Faith    .   (no shield)
rNeg    . . .      Spirit   .   (armour unavailable)
rPois   .          Reflect  +   (helmet restricted)
rElec   .          Harm     .   (no cloak)
rCorr   +          Rampage  .   r - +0 pair of gloves
Will    .....                   (no boots)
Stlth   +.........              e - amulet of reflection
HPRegen 0.17/turn               f - ring of see invisible
MPRegen 0.12/turn               (no ring)

@: short of breath, heavily drained
A: spit acid, AC +6, unfitting armour, cold-blooded, acid resistance
a: Breathe Acid, Renounce Religion, Potion Petition, Call Merchant, Bribe Branch


You were on level 6 of the Dungeon.
You worshipped Gozag.
Gozag was aware of your devotion.
You visited 2 branches of the dungeon, and saw 7 of its levels.

You collected 436 gold pieces.
You paid 59 gold pieces to Gozag.

Inventory:

Missiles
 h - 2 throwing nets
 l - a boomerang
Armour
 r - a +0 pair of gloves (worn)
Jewellery
 e - an amulet of reflection (around neck)
 f - a ring of see invisible (left hand)
Wands
 c - a wand of flame (43)
 k - a wand of iceblast (18)
Scrolls
 b - 2 scrolls of amnesia
 d - 2 scrolls of identify
 m - a scroll of immolation
 n - a scroll of brand weapon {unknown}
 t - a scroll of vulnerability {unknown}
 u - a scroll of enchant weapon {unknown}
Potions
 a - 3 potions of brilliance
 i - a potion of curing
 j - a potion of ambrosia {unknown}
 o - a potion of haste {unknown}
 p - a potion of heal wounds
 s - a potion of mutation


   Skills:
 - Level 1.1 Fighting
 - Level 1.7 Dodging
 + Level 6.8 Unarmed Combat
 - Level 2.0 Spellcasting
 + Level 6.3 Transmutations
 + Level 3.6 Ice Magic
 - Level 3.0 Poison Magic


You had one spell level left.
You knew the following spells:

 Your Spells              Type           Power      Damage    Failure   Level
a - Beastly Appendage     Tmut           40%        N/A       1%          1
b - Wereblood             Tmut           20%        N/A       2%          2
c - Spider Form           Tmut/Pois      15%        N/A       10%         3
d - Ice Form              Ice/Tmut       16%        N/A       28%         4

Your spell library contained the following spells:

 Spells                   Type           Power      Damage    Failure   Level
 Animate Skeleton         Necr           2%         N/A       22%         1
 Apportation              Tloc           2%         N/A       22%         1
 Magic Dart               Conj           4%         1d3       22%         1
 Slow                     Hex            4%         N/A       22%         1
 Summon Small Mammal      Summ           4%         N/A       22%         1
 Searing Ray              Conj           2%         2d4       32%         2
 Confusing Touch          Hex            1%         N/A       54%         3
 Vampiric Draining        Necr           1%         2d6       54%         3
 Fulminant Prism          Conj/Hex       0%         3d6       91%         4


Dungeon Overview and Level Annotations

Branches:
Dungeon (6/15)             Temple (1/1) D:4

Altars:
Ashenzari
Cheibriados
Dithmenos
Fedhas
Gozag
Makhleb
Nemelex Xobeh
Okawaru
Qazlal
Sif Muna
Trog
Uskayaw
Wu Jian
Xom
Yredelemnul
Zin
The Shining One

Annotations:
D:3 3 runed translucent doors, croobank's ghost, amateur MiBe
D:4 1 runed translucent door, Destinykillz's ghost, novice DrAE


Innate Abilities, Weirdness & Mutations

You can spit globs of acid.
Your golden yellow scales are hard. (AC +6)
You cannot fit into any form of body armour.
You are cold-blooded and may be slowed by cold attacks.
You are resistant to acid. (rCorr)


Message History

You feel yourself speed up.
The wight hits you with a +4 falchion of freezing!
You feel drained.
You feel yourself slow down. The wight freezes you.
You block the wight's attack. The wight closely misses you.
The wight throws a poisoned dart.
The poisoned dart misses you.
You feel yourself speed up. You block the wight's attack. x3
As you read the scroll of identify, it crumbles to dust.
m - a scroll of immolation
As you read the scroll of identify, it crumbles to dust.
q - a scroll of teleportation
As you read the scroll of teleportation, it crumbles to dust.
You feel strangely unstable.
The wight hits you with a +4 falchion of freezing!
* * * LOW HITPOINT WARNING * * *
You feel drained.
* * * LOW HITPOINT WARNING * * *
The wight freezes you.
* * * LOW HITPOINT WARNING * * *
The wight throws a stone.
The stone closely misses you.
There is an open door here.
Your surroundings suddenly seem different. 2 hounds, a bullfrog and 4 killer bees come into view.
Found 7 gold pieces.
Found a stone staircase leading down.
The killer bee buzzes angrily. x2; The hound barks!
The bullfrog gives a loud, deep croak!
The killer bee misses you. The bullfrog hits you.
* * * LOW HITPOINT WARNING * * *
The killer bee stings you but does no damage.
You block the hound's attack. The bullfrog closely misses you.
Okay, then.
Blink to where?
Press: ? - help, Dir - move target
As you read the scroll of blinking, it crumbles to dust.
Press: ? - help, Shift-Dir - straight line, f - killer bee
Aim: a killer bee You spit a glob of acid.
The glob of acid misses the killer bee.
You block the killer bee's attack. The killer bee stings you.
You die...
Your body crumbles into a pile of gold.

#######
.......
.......
....... $
....... #+#
$....... #.#
.......
##########@#
.......
#......y.yy#
.......
#....F..y..#
.......
#....$....>.
.......
#...ยง..h.h.#
.......
#..........#
.......
#..........#
#######
#.........##
# #.........#
#


You could see a bullfrog, 2 hounds and 4 killer bees.

Vanquished Creatures
  Sigmund (D:2)
  A water moccasin (D:6)
  A sky beast (D:5)
  A scorpion (D:6)
  A wyvern skeleton (D:4)
  A wight (D:5)
  A howler monkey (D:6)
  A crimson imp (D:3)
  3 iron imps (D:3)
  A gnoll shaman (D:6)
  4 hounds
  Ijyb (D:3)
  Terence (D:3)
  An orc wizard (D:5)
  Natasha (thrice) (D:2)
  3 iguanas (D:5)
  A killer bee zombie (D:4)
  6 gnolls
  8 adders
  A howler monkey skeleton (D:4)
  4 worms
  6 dart slugs (D:1)
  8 orcs
  2 endoplasms
  A giant cockroach (D:2)
  4 goblins
  10 hobgoblins
  11 jackals
  5 kobolds
  A quokka (D:2)
  5 ball pythons
  5 bats (D:1)
  2 frilled lizards
  A goblin zombie (D:3)
  3 hobgoblin zombies (D:3)
  2 kobold skeletons (D:3)
  A kobold zombie (D:3)
  An orc skeleton (D:3)
  3 rats (D:1)
116 creatures vanquished.

Vanquished Creatures (others)
  A bat (D:1)
  7 plants
  2 withered plants (D:4)
10 creatures vanquished.

Grand Total: 126 creatures vanquished

Notes
Turn   | Place    | Note
-------+----------+-------------------------------------------
     0 | D:1      | bearlyready the Draconian Transmuter began the quest for
                  | the Orb.
     0 | D:1      | Reached XP level 1. HP: 16/16 MP: 3/3
   268 | D:1      | Reached XP level 2. HP: 19/23 MP: 5/5
   876 | D:1      | Reached XP level 3. HP: 21/28 MP: 6/6
  1336 | D:1      | Found a faded altar of an unknown god.
  1421 | D:2      | Learned a level 2 spell: Wereblood
  1425 | D:2      | Learned a level 3 spell: Spider Form
  1454 | D:2      | Noticed Sigmund
  1465 | D:2      | Gained mutation: Your mind is acute. (Int +2) [potion of
                  | mutation]
  1465 | D:2      | Lost mutation: Your mind is acute. (Int +2) [potion of
                  | mutation]
  2056 | D:2      | Reached skill level 1 in Poison Magic
  2056 | D:2      | Reached XP level 4. HP: 35/35 MP: 3/7
  2161 | D:2      | Noticed Natasha
  2181 | D:2      | Killed Natasha
  2565 | D:2      | Noticed Natasha
  2573 | D:2      | Killed Natasha
  2612 | D:2      | Noticed Natasha
  2685 | D:2      | Killed Natasha
  2686 | D:2      | Reached XP level 5. HP: 35/40 MP: 1/8
  2764 | D:3      | Found a runed translucent gate.
  2794 | D:3      | Noticed Terence
  3147 | D:2      | Killed Sigmund
  3148 | D:2      | Reached XP level 6. HP: 21/47 MP: 6/9
  3331 | D:3      | Killed Terence
  3448 | D:3      | Reached skill level 5 in Unarmed Combat
  3554 | D:3      | Found a stormy altar of Qazlal.
  3637 | D:3      | Found a glowing golden altar of the Shining One.
  3859 | D:3      | Found a blossoming altar of Fedhas.
  3923 | D:3      | Found a burning altar of Makhleb.
  4287 | D:3      | Found a runed translucent gate.
  4288 | D:3      | Found a runed translucent gate.
  4289 | D:3      | Noticed croobank's ghost (amateur MiBe)
  4445 | D:3      | Your scales start taking on a golden yellow colour.
  4445 | D:3      | Reached XP level 7. HP: 52/52 MP: 10/10
  4445 | D:3      | Gained mutation: You are resistant to acid. (rCorr) [Yellow
                  | Draconian growth]
  4450 | D:3      | Learned a level 4 spell: Ice Form
  4468 | D:3      | Noticed Ijyb
  4480 | D:3      | Killed Ijyb
  4481 | D:3      | Reached skill level 5 in Transmutations
  5035 | D:4      | Found a shadowy altar of Dithmenos.
  5061 | D:4      | Found a shimmering altar of Xom.
  5205 | D:4      | Identified the +1 leather armour of Joy {rElec}
  5240 | D:4      | Found an ornate altar of the Wu Jian Council.
  5267 | D:4      | Found a runed translucent door.
  5267 | D:4      | Noticed Destinykillz's ghost (novice DrAE)
  5312 | D:4      | Found a staircase to the Ecumenical Temple.
  5323 | Temple   | Entered the Ecumenical Temple
  5494 | Temple   | Became a worshipper of Gozag Ym Sagoz the Greedy
  5508 | D:4      | Reached skill level 1 in Ice Magic
  5919 | D:5      | Entered Level 5 of the Dungeon
  7129 | D:6      | Reached XP level 8. HP: 59/59 MP: 11/11
  7729 | D:6      | Found a basalt altar of Yredelemnul.
  7764 | D:6      | Slain by a killer bee

Illustrated notes

Levels and vault maps discovered:
D:1:      tarquinn_simple_flora_water_e, layout_basic,
          chequers_ecumenical_altar_grove, minmay_bisected
D:2:      layout_rooms, palyth_stone_intersect, nicolae_grassy_gnolls,
          uniq_natasha, uniq_sigmund
D:3:      layout_basic, amcnicky_altar_gilded, demons_altar,
          mainiacjoe_overflow_boulevard, nicolae_tso_besieged_by_evil,
          gammafunk_ghost_split, uniq_terence, uniq_ijyb
D:4:      layout_basic, mainiacjoe_overflow_brackets, xom_butterflies,
          mainiacjoe_overflow_cross_hatched, minmay_temple_entry_slanted,
          gammafunk_ghost_grave
D:5:      layout_rooms, serial_co_window_serial, co_window_paths_a,
          co_window_of_opportunity_a, co_window_paths_b, co_window_paths_a,
          co_window_paths_b, co_window_corner_b, co_window_corner_ca,
          co_window_paths_c, co_window_broadway_c, glass_columns_b,
          glass_columns_c, glass_columns_a, glass_columns_b
D:6:      layout_basic, worldfamousw_hep_ancestral_shrine,
          mainiacjoe_overflow_six_doors_small
Temple:   compressed_dpeg_triangle_lava_temple

Skill      XL: |  1  2  3  4  5  6  7  8 |
---------------+-------------------------+-----
Transmutations | 3 4 5 6 |  6.3
Unarmed Combat | 4 5 6 |  6.8
Poison Magic   | 1 2 3 |  3.0
Ice Magic      | 2 3 |  3.6
Fighting       | |  1.1
Dodging        | |  1.7
Spellcasting   | |  2.0

Action                   |  1- 3 |  4- 6 |  7- 9 || total
-------------------------+-------+-------+-------++-------
Melee: Unarmed           |   135 |   164 |   166 ||   465
       Kick              |     8 |     3 |       ||    11
       Tailslap          |    10 |     6 |    11 ||    27
       Headbutt          |     4 |     5 |     2 ||    11
       Punch             |       |     3 |     1 ||     4
 Cast: Beastly Appendage |     4 |     3 |     1 ||     8
       Spider Form       |     1 |    13 |    12 ||    26
       Wereblood         |     1 |     2 |     4 ||     7
 Abil: Breathe Acid      |       |       |     6 ||     6
  Use: Scroll            |     2 |     1 |     4 ||     7
       Potion            |     2 |     1 |       ||     3
 Stab: Sleeping          |       |     1 |     1 ||     2
Armor: Skin              |    57 |    21 |    34 ||   112
Dodge: Dodged            |   116 |    67 |   104 ||   287
Block: Other             |    21 |    30 |    32 ||    83
       Reflection        |       |       |     1 ||     1

Table legend: (Time is in decaauts)
 A = Elapsed time spent in this place.
 B = Non-inter-level travel time spent in this place.
 C = Inter-level travel time spent in this place.
 D = Time resting spent in this place.
 E = Time spent auto-exploring this place.
 F = Levels seen in this place.
 G = Mean time per level.
                   A        B        C        D        E       F      G
               +--------+--------+--------+--------+--------+-----+--------+
         Total |   7755 |   7431 |    324 |   1106 |   4958 |   7 | 1107.9 |
       Dungeon |   7576 |   7252 |    324 |   1106 |   4824 |   6 | 1262.7 |
        Temple |    178 |    178 |      0 |      0 |    134 |   1 |  178.0 |
               +--------+--------+--------+--------+--------+-----+--------+

Top non-repeatable levels by time:
     D:1: 2004 daAuts
     D:3: 1526 daAuts
     D:5: 1350 daAuts
     D:2: 1281 daAuts
     D:4: 926 daAuts
     D:6: 486 daAuts
  Temple: 178 daAuts
